 Dungeon Crawl Stone Soup version 0.31.0-11-ge490571c62 (webtiles) character file.

Game seed: 12989027218770308978

11295 sanka the Basher (level 11, -4/72 HPs)
             Began as a Gargoyle Fighter on Jan 27, 2024.
             Was a Believer of the Shining One.
             Slain by Snorg (7 damage)
             ... on level 10 of the Dungeon.
             The game lasted 00:17:40 (9990 turns).

sanka the Basher (Gargoyle Fighter)                 Turns: 9990, Time: 00:17:41

Health: -4/72      AC: 26    Str: 21    XL:     11   Next: 75%
Magic:  11/12      EV:  4    Int:  8    God:    the Shining One [**....]
Gold:   526        SH: 27    Dex: 13    Spells: 10/10 levels left

rFire   . . .        a - +1 morningstar
rCold   . . .        r - +0 tower shield
rNeg    + + .        S - +0 plate armour
rPois   ∞            M - +0 helmet
rElec   +            m - +0 cloak
rCorr   .            E - +0 pair of gloves {hurl}
SInv    +            (no boots)
Will    .....        B - amulet of reflection Stlth
                     L - +4 ring of slaying
HPRegen 0.32/turn    s - ring of see invisible
MPRegen 0.13/turn

%: reflection
@: mighty, divinely shielded, glowing
A: sickness immunity, AC +8, negative energy resistance 1, electricity
resistance, torment resistance 1, petrification resistance
a: Renounce Religion, Divine Shield


You were on level 10 of the Dungeon.
You worshipped the Shining One.
The Shining One was pleased with you.
You visited 2 branches of the dungeon, and saw 12 of its levels.

You collected 526 gold pieces.


Innate Abilities, Weirdness & Mutations

You are immune to sickness and miasma.
Your stone body is resilient. (AC +8)
You are immune to poison.
You resist negative energy. (rN+)
You are resistant to electric shocks. (rElec)
You are resistant to unholy torment.
You are immune to petrification.


   Skills:
 + Level 9.7 Fighting
 - Level 12.0 Maces & Flails
 + Level 9.3 Armour
 + Level 9.3 Shields
 + Level 2.3 Invocations


You had 10 spell levels left.
You didn't know any spells.
Your spell library contained the following spells:

 Spells                   Type           Power      Damage    Failure   Level
 Magic Dart               Conj           0%         1d3       100%        1
 Ensorcelled Hibernation  Hex/Ice        0%         N/A       100%        2
 Searing Ray              Conj           0%         2d4       100%        2
 Passwall                 Erth           0%         N/A       100%        3
 Swiftness                Air            0%         N/A       100%        3
 Volatile Blastmotes      Fire/Tloc      0%         2d10      100%        3
 Anguish                  Hex/Necr       0%         N/A       100%        4
 Cause Fear               Hex            0%         N/A       100%        4
 Fulminant Prism          Conj/Alch      0%         3d5       100%        4
 Iskenderun's Mystic Bla  Conj/Tloc      0%         2d3       100%        4
 Iskenderun's Battlesphe  Conj           0%         2d6       100%        5
 Bombard                  Conj/Erth      0%         9d1       100%        6
 Enfeeble                 Hex            0%         N/A       100%        7
 Spellforged Servitor     Conj/Summ      0%         N/A       100%        7

Inventory:

Hand Weapons
 a - a +1 morningstar (weapon)
 J - a +0 demon whip of venom
Missiles
 G - 9 curare-tipped darts {=f}
Armour
 m - a +0 cloak (worn)
 r - a +0 tower shield (worn)
 w - the +0 helmet of Coank {Dex+3}

   Dex+3:     It affects your dexterity (+3).
 E - a +0 pair of gloves of hurling (worn)
 M - a +0 helmet (worn)
 S - a +0 plate armour (worn)
Jewellery
 h - an amulet of guardian spirit
 s - a ring of see invisible (right hand)
 B - an amulet of reflection (around neck)
 H - a ring of fire
 I - a ring of positive energy
 L - a +4 ring of slaying (left hand)
Wands
 b - a wand of paralysis (6)
 c - a wand of polymorph (15)
 x - a wand of acid (7)
 y - a wand of flame (65)
 K - a wand of mindburst (29)
 Q - a wand of iceblast (4)
Scrolls
 e - 10 scrolls of identify {unknown}
 g - 2 scrolls of blinking {unknown}
 k - 2 scrolls of revelation {unknown}
 n - 4 scrolls of teleportation {unknown}
 p - 2 scrolls of fear {unknown}
 A - 3 scrolls of enchant armour {unknown}
 C - a scroll of amnesia {unknown}
 F - 3 scrolls of immolation {unknown}
 O - 2 scrolls of vulnerability {unknown}
 R - a scroll of enchant weapon {unknown}
Potions
 d - 2 potions of might
 f - 3 potions of brilliance {unknown}
 i - 2 potions of enlightenment {unknown}
 j - 2 potions of heal wounds {unknown}
 l - 2 potions of haste {unknown}
 o - 4 potions of magic {unknown}
 q - 2 potions of resistance {unknown}
 t - 3 potions of invisibility {unknown}
 u - a potion of ambrosia {unknown}
 v - 4 potions of lignification {unknown}
 z - a potion of attraction {unknown}
 D - a potion of degeneration {unknown}
 N - 2 potions of curing {unknown}
 P - a potion of mutation {unknown}

Dungeon Overview and Level Annotations

Branches:
Dungeon (11/15)            Temple (1/1) D:4            Lair (0/5) D:8
    Orc (0/2) D:9

Altars:
Ashenzari
Cheibriados
Dithmenos
Elyvilon
Fedhas
Gozag
Hepliaklqana
Kikubaaqudgha
Makhleb
Nemelex Xobeh
Okawaru
Qazlal
Ru
Sif Muna
Trog
Uskayaw
Vehumet
Wu Jian
Xom
Yredelemnul
Zin
The Shining One

Shops:
D:8 :   D:9 :

Annotations:
D:8 exclusion: downstairs
D:10 Snorg

♣.♣♣...▒ ▒.▒▒▒▒▒▒ ▒.▒
♣.♣....▒▒▒.▒▒...▒▒ ▒.▒
...)♣.▒▒▒.(...▒..▒ ▒.▒
...♣♣........▒▒▒.▒ ▒.▒
._.....▒▒.....▒..▒ ▒.▒
...♣♣.▒▒▒▒.▒.....▒▒▒▒.▒
..))♣.▒ ▒.▒.▒▒▒......▒
♣)♣...▒ ▒.▒.▒▒▒.▒▒▒▒▒▒
♣.♣♣..▒ ▒.▒.<.T8▒ .....▒▒
▒.▒▒▒▒▒▒▒ ....▒▒ ▒.▒ ▒▒▒.▒
▒.▒ ▒▒▒▒▒▒▒▒▒ ▒.▒ ▒.▒
▒.......▒ ▒▒▒.▒▒ ▒.▒
▒▒▒▒▒.▒▒▒▒▒.▒
.....▒▒▒▒▒.▒▒▒▒.......▒▒▒.▒
▒▒▒.....................▒.▒
▒ ▒.▒▒▒▒▒...▒▒▒.▒▒▒.▒.▒.▒.▒


You could see Snorg (berserk).


Message History

You block Snorg's attack.
You bludgeon Snorg!!
Snorg is heavily wounded.
You block Snorg's attack. You block Snorg's attack.
Snorg claws you but does no damage. You block Snorg's attack.
You block Snorg's attack. Snorg claws you but does no damage.
You impale Snorg!!
Snorg is severely wounded.
You block Snorg's attack. You block Snorg's attack. You block Snorg's attack.
Snorg bites you!
* * * LOW HITPOINT WARNING * * *
You block Snorg's attack. Snorg barely misses you.
You impale Snorg!!
Snorg is almost dead.
You block Snorg's attack. You block Snorg's attack. You block Snorg's attack.
Unknown command.
You barely miss Snorg.
Snorg is almost dead.
You block Snorg's attack. You block Snorg's attack. Snorg claws you!
You die...

Action                     |  1- 3 |  4- 6 |  7- 9 | 10-12 || total
---------------------------+-------+-------+-------+-------++-------
  Melee: Flail             |    74 |   199 |   377 |   131 ||   781
         Morningstar       |       |       |       |   224 ||   224
         Unarmed           |       |       |       |     5 ||     5
 Invoke: Divine Shield     |       |       |       |     1 ||     1
  Evoke: Wand              |       |       |     1 |     1 ||     2
    Use: Potion            |       |       |       |     1 ||     1
 Armour: Scale mail        |    43 |    91 |       |       ||   134
         Chain mail        |       |    47 |   313 |   110 ||   470
         Plate armour      |       |       |       |    53 ||    53
         Skin              |       |       |       |     7 ||     7
  Dodge: Dodged            |    39 |    66 |    96 |    70 ||   271
  Block: Buckler           |    16 |    28 |     8 |       ||    52
         Kite shield       |       |       |   220 |   213 ||   433
         Reflection        |       |       |     9 |     5 ||    14
         Tower shield      |       |       |       |   137 ||   137

Levels and vault maps discovered:
D:1:      matt_arrival_refuge, layout_loops_ring
D:2:      layout_basic, wad_floor_pattern_1, kennysheep_generic_room_14
D:3:      layout_rooms, mainiacjoe_overflow_six_doors_small, kennysheep_potato
D:4:      kennysheep_goblin_castle, layout_gridville,
          minmay_temple_entry_statues, hangedman_decor_lopped, uniq_menkaure
D:5:      black_bear_nest_2, layout_basic, zin_treasury, uniq_eustachio
D:6:      layout_basic, cheibriados_altar_1, mainiacjoe_overflow_chevrons,
          minmay_fountain_box, chequers_serial_rivers_micro_a,
          uniq_blork_the_orc
D:7:      layout_rooms
D:8:      minmay_recursive_quarters, layout_loops_corners,
          mainiacjoe_overflow_cross_hatched, mainiacjoe_overflow_boulevard,
          david_lair_generic, serial_shops, nicolae_shop_mannequins, uniq_pikel,
          uniq_joseph, uniq_amaemon
D:9:      layout_basic, mainiacjoe_overflow_concentric_impassable, david_orc_2,
          nicolae_shop_i_like_small_books_too, uniq_gastronok
D:10:     layout_loops_corners, mainiacjoe_overflow_small_starburst
D:11:     layout_loops_cross, serial_shops, nicolae_shop_real_fake_doors,
          uniq_snorg, uniq_grum
Temple:   minmay_temple_curvy_branch

Notes
Turn   | Place    | Note
-------+----------+-------------------------------------------
     0 | D:1      | sanka the Gargoyle Fighter began the quest for the Orb.
     0 | D:1      | Reached XP level 1. HP: 14/14 MP: 1/1
   262 | D:1      | Reached XP level 2. HP: 19/19 MP: 2/2
   691 | D:2      | Reached skill level 4 in Fighting
   691 | D:2      | Reached XP level 3. HP: 24/24 MP: 3/3
   731 | D:2      | Reached skill level 3 in Maces & Flails
   941 | D:2      | Reached XP level 4. HP: 8/29 MP: 1/4
  1457 | D:3      | Reached skill level 4 in Maces & Flails
  1514 | D:3      | Reached XP level 5. HP: 13/33 MP: 2/5
  1786 | D:3      | Reached skill level 5 in Maces & Flails
  1912 | D:3      | Found a shimmering blue altar of Sif Muna.
  1985 | D:3      | Reached XP level 6. HP: 37/38 MP: 6/6
  2348 | D:4      | Noticed Menkaure
  2367 | D:4      | HP: 2/38 [Menkaure (15)]
  2368 | D:4      | Killed Menkaure
  2369 | D:4      | Reached skill level 6 in Maces & Flails
  2733 | D:4      | Reached XP level 7. HP: 43/43 MP: 7/7
  2736 | D:4      | Reached skill level 7 in Maces & Flails
  2852 | D:4      | Found a staircase to the Ecumenical Temple.
  2891 | Temple   | Entered the Ecumenical Temple
  2914 | Temple   | Became a worshipper of the Shining One
  3114 | D:4      | Noticed Ijyb
  3133 | D:4      | Killed Ijyb
  3543 | D:5      | Entered Level 5 of the Dungeon
  3569 | D:5      | Reached skill level 8 in Maces & Flails
  3623 | D:5      | Found a glowing silver altar of Zin.
  3787 | D:5      | Noticed Eustachio
  3817 | D:5      | Killed Eustachio
  3818 | D:5      | Reached XP level 8. HP: 46/48 MP: 5/8
  3868 | D:5      | Reached skill level 9 in Maces & Flails
  4269 | D:5      | Reached skill level 10 in Maces & Flails
  4510 | D:6      | Found a snail-covered altar of Cheibriados.
  4884 | D:6      | Noticed Blork the orc
  4901 | D:6      | Killed Blork the orc
  4954 | D:6      | Reached skill level 11 in Maces & Flails
  4954 | D:6      | Reached XP level 9. HP: 25/52 MP: 9/9
  5173 | D:6      | Found a radiant altar of Vehumet.
  5478 | D:7      | Identified the +4 dagger of Regicide {flame, ^Contam rF++
                  | Str+2 Dex+2}
  5493 | D:7      | Noticed an unseen horror
  5526 | D:7      | Killed an unseen horror
  5578 | D:7      | Reached skill level 12 in Maces & Flails
  5614 | D:7      | HP: 3/52 [steam dragon (3)]
  5626 | D:7      | HP: 3/52 [orc/+0 flail (4)]
  6008 | D:7      | Reached skill level 4 in Armour
  6008 | D:7      | Reached skill level 4 in Shields
  6187 | D:8      | Noticed Joseph
  6204 | D:8      | Killed Joseph
  6205 | D:8      | Reached skill level 5 in Fighting
  6326 | D:8      | Reached skill level 5 in Armour
  6326 | D:8      | Reached skill level 5 in Shields
  6342 | D:8      | Reached * piety under the Shining One
  6351 | D:8      | Found a staircase to the Lair.
  6351 | D:8      | Noticed an elephant
  6369 | D:8      | Reached XP level 10. HP: 60/60 MP: 10/10
  6385 | D:8      | Killed an elephant
  6386 | D:8      | Reached skill level 6 in Fighting
  6422 | D:8      | Noticed an orange demon
  6424 | D:8      | Noticed Amaemon
  6441 | D:8      | Killed an orange demon
  6442 | D:8      | Reached skill level 6 in Armour
  6442 | D:8      | Reached skill level 6 in Shields
  6448 | D:8      | Found an ornate altar of the Wu Jian Council.
  6508 | D:8      | Killed Amaemon
  6509 | D:8      | Reached skill level 7 in Fighting
  6590 | D:8      | Noticed Pikel
  6612 | D:8      | Killed Pikel
  6843 | D:8      | Reached skill level 7 in Shields
  6847 | D:8      | Reached skill level 7 in Armour
  7255 | D:8      | Noticed a walking crystal tome
  7256 | D:8      | Found Unoheuro's Book Boutique.
  7257 | D:8      | Noticed a walking frostbound tome
  7417 | D:8      | Found a sparkling altar of Nemelex Xobeh.
  7809 | D:9      | Reached ** piety under the Shining One
  7858 | D:9      | Found an ancient bone altar of Kikubaaqudgha.
  7936 | D:9      | Reached skill level 8 in Fighting
  7942 | D:9      | Identified a +0 robe of resistance
  8094 | D:9      | Noticed Gastronok
  8107 | D:9      | Killed Gastronok
  8108 | D:9      | Reached skill level 8 in Armour
  8108 | D:9      | Reached skill level 8 in Shields
  8108 | D:9      | Reached XP level 11. HP: 62/69 MP: 11/11
  8153 | D:9      | Reached skill level 9 in Fighting
  8236 | D:9      | Found a staircase to the Orcish Mines.
  8371 | D:9      | Found Eqil's Tiny Tomes.
  8798 | D:10     | Entered Level 10 of the Dungeon
  8928 | D:10     | Reached skill level 9 in Shields
  8943 | D:10     | Reached skill level 9 in Armour
  8965 | D:10     | Found a basalt altar of Yredelemnul.
  9028 | D:10     | Identified the +6 hand axe "Wupioqih" {freeze, rF+ rC-
                  | Dex+2}
  9223 | D:10     | Reached skill level 1 in Invocations
  9570 | D:10     | Identified the +0 helmet of Coank {Dex+3}
  9605 | D:10     | Reached skill level 2 in Invocations
  9956 | D:11     | Noticed Snorg
  9988 | D:10     | HP: 3/72 [Snorg (8)]
  9990 | D:10     | Slain by Snorg

Vanquished Creatures
  Gastronok (D:9)
  Amaemon (D:8)
  Pikel (D:8)
  An elephant (D:8)
  Joseph (D:8)
  2 unseen horrors
  An orange demon (D:8)
  2 kobold demonologists (D:9)
  2 shadows
  11 yaks
  2 basilisks (D:8)
  A wyvern (D:10)
  2 steam dragons
  Eustachio (D:5)
  Menkaure (D:4)
  3 water moccasins
  An ice beast (D:6)
  3 orc warriors
  A sky beast (D:7)
  A black bear (D:5)
  2 centaurs
  2 ogres
  A lemure (D:8)
  5 kobold brigands
  Blork the orc (D:6)
  A bullfrog (D:6)
  A gnoll sergeant (D:5)
  A scorpion (D:4)
  11 wights
  17 killer bees
  8 howler monkeys
  A jelly (D:5)
  A bombardier beetle (D:5)
  4 orc priests
  7 hounds
  5 iguanas
  3 sleepcaps
  9 orc wizards
  Ijyb (D:4)
  10 gnolls
  3 adders
  A shadow imp (D:8)
  4 dart slugs
  45 orcs
  9 endoplasms
  2 giant cockroaches
  11 goblins
  4 hobgoblins
  9 jackals
  18 kobolds
  5 quokkas
  7 ball pythons
  A bat (D:1)
  2 frilled lizards (D:2)
  3 rats
254 creatures vanquished.

Vanquished Creatures (others)
  4 kobolds (D:7)
4 creatures vanquished.

Grand Total: 258 creatures vanquished
